 Dungeon Crawl Stone Soup version 0.28-a0-750-g7c675f85b1 (webtiles) character file.

Game seed: 15602026132436035364

251 bande the Skirmisher (level 6, -2/39 HPs)
             Began as a Gargoyle Fighter on Oct 29, 2021.
             Slain by an ogre (7 damage)
             ... on level 4 of the Dungeon.
             The game lasted 00:04:09 (3125 turns).

bande the Skirmisher (Gargoyle Fighter)             Turns: 3125, Time: 00:04:09

Health: -2/39      AC: 16    Str: 20    XL:     6   Next: 13%
Magic:  6/6        EV:  9    Int:  9    God:
Gold:   128        SH:  4    Dex: 10    Spells: 5/5 levels left

rFire   . . .      SeeInvis .   a - +0 war axe
rCold   . . .      Faith    .   c - +0 buckler
rNeg    + . .      Spirit   .   b - +0 scale mail
rPois   ∞          Reflect  .   j - +2 helmet
rElec   +          Harm     .   g - +1 cloak
rCorr   .          Rampage  .   (no gloves)
Will    .....                   (no boots)
Stlth   ..........              (no amulet)
HPRegen 0.13/turn               (no ring)
MPRegen 0.10/turn               (no ring)

@: mighty, brilliant
A: sickness immunity, AC +4, negative energy resistance 1, electricity
resistance, torment resistance 1, petrification resistance
a: no special abilities


You were on level 4 of the Dungeon.
You visited 1 branch of the dungeon, and saw 4 of its levels.

You collected 128 gold pieces.

Inventory:

Hand Weapons
 a - a +0 war axe (weapon)
 e - a +0 flail
 o - a +0 war axe
Armour
 b - a +0 scale mail (worn)
 c - a +0 buckler (worn)
 g - a +1 cloak (worn)
 j - a +2 helmet (worn)
Jewellery
 l - an amulet of magic regeneration
Scrolls
 f - a scroll of fear
 m - a scroll of blinking
 n - a scroll of immolation {unknown}
Potions
 d - a potion of might
 i - a potion of curing {unknown}
 k - a potion of lignification {unknown}


   Skills:
 + Level 4.3 Fighting
 + Level 4.1 Axes
 + Level 4.3 Armour
 + Level 4.0 Shields


You had 5 spell levels left.
You didn't know any spells.
Your spell library contained the following spells:

 Spells                   Type           Power      Damage    Failure   Level
 Magic Dart               Conj           0%         1d3       73%         1
 Call Imp                 Summ           0%         N/A       86%         2
 Corpse Rot               Necr/Air       0%         N/A       86%         2
 Mephitic Cloud           Conj/Pois/Air  0%         N/A       97%         3
 Dispel Undead            Necr           0%         3d6       100%        4
 Death Channel            Necr           0%         N/A       100%        6


Dungeon Overview and Level Annotations

Branches:
Dungeon (4/15)
 Temple: D:4-7

Altars:


Innate Abilities, Weirdness & Mutations

You are immune to sickness and miasma.
Your stone body is resilient. (AC +4)
You are immune to poison.
You resist negative energy. (rN+)
You are resistant to electric shocks. (rElec)
You are resistant to unholy torment.
You are immune to petrification.


Message History

Things that are here:
a +0 club; a +0 dagger; a kobold corpse
There is an open door here.
Items here: ( )) ††.
You enter the shallow water.
Moving in this stuff is going to be slow.
Done exploring.
Done exploring.
Done exploring.
There is a stone staircase leading down here.
You climb downwards.
The endoplasm quivers.
There is a stone staircase leading up here.
An ogre comes into view. It is wielding a +0 giant club.
Found a scroll labelled COZODYKIHI.
You hit the endoplasm.
The endoplasm is almost dead.
The endoplasm freezes you.
You are frozen.
You slash the endoplasm!
You kill the endoplasm!
The ogre hits you with a +0 giant club!
You hit the ogre.
The ogre is lightly wounded.
The ogre completely misses you.
You barely miss the ogre.
The ogre is lightly wounded.
The ogre hits you with a +0 giant club!!
Ouch! That really hurt!
* * * LOW HITPOINT WARNING * * *
You are too injured to fight recklessly!
It was a potion of brilliance.
You feel clever all of a sudden. The ogre barely misses you.
You feel very mighty all of a sudden. You block the ogre's attack.
You slash the ogre!
The ogre is severely wounded.
The ogre hits you with a +0 giant club!
You die...

.# .# ###.#
#####...#
###.......#
###.........##
##............#
..........<...#
......O@......#
..............#
..............#
..............#
..?...........#
..............#
..............#
..............#


You could see an ogre.

Vanquished Creatures
  A bullfrog skeleton (D:3)
  2 orc wizards (D:3)
  Robin (D:2)
  4 adders
  5 worms
  2 dart slugs
  11 orcs
  7 endoplasms
  3 giant cockroaches
  16 goblins
  3 hobgoblins
  4 jackals (D:2)
  10 kobolds
  4 quokkas
  9 ball pythons
  4 bats
  3 frilled lizards
  4 rats (D:1)
93 creatures vanquished.

Vanquished Creatures (others)
  2 plants (D:3)
2 creatures vanquished.

Grand Total: 95 creatures vanquished

Notes
Turn   | Place    | Note
-------+----------+-------------------------------------------
     0 | D:1      | bande the Gargoyle Fighter began the quest for the Orb.
     0 | D:1      | Reached XP level 1. HP: 14/14 MP: 1/1
   121 | D:1      | Reached XP level 2. HP: 19/19 MP: 2/2
   579 | D:1      | Reached XP level 3. HP: 19/23 MP: 3/3
  1343 | D:2      | Reached XP level 4. HP: 22/29 MP: 4/4
  1696 | D:2      | Noticed Robin
  1704 | D:2      | Killed Robin
  2291 | D:3      | Reached XP level 5. HP: 29/33 MP: 5/5
  2489 | D:3      | Reached XP level 6. HP: 20/38 MP: 6/6
  3125 | D:4      | Slain by an ogre

Illustrated notes

Levels and vault maps discovered:
D:1:      onia_arrival_pyramid, layout_loops_cross, hangedman_decor_push
D:2:      layout_basic, bh_walls_and_bars, uniq_robin
D:3:      minmay_wonky_spiral, layout_rooms, serial_bayou_ford_a
D:4:      layout_cave_pods, serial_shops, shop, minmay_cupped

Skill      XL: |  1  2  3  4  5 |
---------------+----------------+-----
Axes           | 2 3 4 |  4.1
Fighting       | 4 |  4.3
Armour         | 4 |  4.3
Shields        | 4 |  4.0

Action                   |  1- 3 |  4- 6 || total
-------------------------+-------+-------++-------
Melee: War axe           |   128 |   154 ||   282
  Use: Scroll            |     2 |     1 ||     3
       Potion            |       |     3 ||     3
Armor: Scale mail        |    79 |   114 ||   193
Dodge: Dodged            |    70 |    75 ||   145
Block: Buckler           |    28 |    42 ||    70

Table legend: (Time is in decaauts)
 A = Elapsed time spent in this place.
 B = Non-inter-level travel time spent in this place.
 C = Inter-level travel time spent in this place.
 D = Time resting spent in this place.
 E = Time spent auto-exploring this place.
 F = Levels seen in this place.
 G = Mean time per level.
                   A        B        C        D        E       F      G
               +--------+--------+--------+--------+--------+-----+--------+
         Total |   3236 |   3054 |    182 |    361 |   2044 |   4 |  809.0 |
       Dungeon |   3236 |   3054 |    182 |    361 |   2044 |   4 |  809.0 |
               +--------+--------+--------+--------+--------+-----+--------+

Top non-repeatable levels by time:
     D:2: 1309 daAuts
     D:1: 1019 daAuts
     D:3: 896 daAuts
     D:4: 10 daAuts
